General information
- name: BNet
- type: Ladder team game (AT/RT)
- host: Battle.net
- saver: MagnificentMata
map: Friends
- players: 8
- length: 42:52
- speed: Fast
- version: 1.23 W3XP
- replay type: Public
» download(403 KB)
Players
team 1 (winner)

»
ill.cruton (
red | 116 APM | 4984 actions | 42:51)
5 Warden
2 Shadow Strike
3 Blink
6 Keeper of the Grove
3 Entangling Roots
2 Thorns Aura
1 Tranquility
5 Priestess of the Moon
3 Searing Arrows
2 Trueshot Aura
» actions
| Assign group hotkey | 57 | |
| Basic commands | 69 | |
| Build / train | 134 | |
| ESC pressed | 1 | |
| Enter build submenu | 18 | |
| Enter hero's abilities submenu | 16 | |
| Give item / drop item | 16 | |
| Remove unit from queue | 1 | |
| Right click | 2262 | |
| Select / deselect | 471 | |
| Select group hotkey | 1703 | |
| Use ability | 236 | |
4984 total
» units
| Wisp | 49 | |
| Goblin Zeppelin | 3 | |
| Chimaera | 2 | |
| Goblin Sapper | 4 | |
58 total
» upgrades
| Nature's Blessing | 1 | |
| Strength of the Wild | 2 | |
| Well Spring | 1 | |
| Reinforced Hides | 2 | |
| Druid of the Talon Training | 1 | |
| Ultravision | 1 | |
8 total
» buildings
| Altar of Elders | 1 | |
| Moon Well | 7 | |
| Tree of Ages | 2 | |
| Ancient of Wonders | 1 | |
| Hunter's Hall | 1 | |
| Tree of Life | 1 | |
| Ancient of War | 2 | |
| Tree of Eternity | 2 | |
| Ancient of Wind | 1 | |
| Chimaera Roost | 4 | |
22 total
» build order
00:10 Altar of Elders
00:20 Moon Well
01:15 Moon Well
01:43 Moon Well
01:50 Moon Well
03:00 Moon Well
03:53 Tree of Ages
03:53 Tree of Ages
03:54 Moon Well
04:40 Ancient of Wonders
04:43 Hunter's Hall
05:10 Moon Well
06:01 Tree of Life
06:08 Ancient of War
06:20 Ancient of War
08:37 Tree of Eternity
10:35 Ancient of Wind
14:25 Chimaera Roost
14:25 Chimaera Roost
14:26 Chimaera Roost
14:27 Chimaera Roost
» items
| Amulet of the Wild | 1 | |
| Orb of Venom | 1 | |
| Orb of Lightning | 1 | |
| Scroll of Town Portal | 10 | |
| Staff of Preservation | 1 | |
| Potion of Healing | 1 | |
| Anti-magic Potion | 1 | |
| Boots of Quel'Thalas +6 | 2 | |
| Sobi Mask | 1 | |
| Inferno Stone | 2 | |
| Mechanical Critter | 2 | |
| Staff of Sanctuary | 3 | |
| Tiny Great Hall | 1 | |
| Book of the Dead | 1 | |
| Potion of Restoration | 1 | |
| Robe of the Magi +6 | 1 | |
30 total

»
MagnificentMata (
green | 115 APM | 4941 actions | 42:52)
7 Blademaster
3 Wind Walk
3 Critical Strike
1 Bladestorm
1 Pandaren Brewmaster
1 Breath of Fire
» actions
| Assign group hotkey | 515 | |
| Basic commands | 66 | |
| Build / train | 121 | |
| Enter build submenu | 258 | |
| Enter hero's abilities submenu | 8 | |
| Give item / drop item | 8 | |
| Right click | 2649 | |
| Select / deselect | 882 | |
| Select group hotkey | 36 | |
| Use ability | 398 | |
4941 total
» units
| Peon | 64 | |
| Goblin Zeppelin | 3 | |
| Troll Batrider | 2 | |
69 total
» upgrades
| Spiked Barricades | 2 | |
| Reinforced Defenses | 1 | |
3 total
» buildings
| Altar of Storms | 3 | |
| Orc Burrow | 6 | |
| War Mill | 3 | |
| Voodoo Lounge | 4 | |
| Watch Tower | 167 | |
| Stronghold | 2 | |
| Great Hall | 4 | |
| Fortress | 1 | |
| Beastiary | 1 | |
191 total
» build order
00:04 Altar of Storms
00:17 Orc Burrow
01:01 War Mill
01:46 Orc Burrow
01:54 Voodoo Lounge
02:15 Watch Tower
02:35 Watch Tower
03:10 Watch Tower
03:34 Watch Tower
03:53 Watch Tower
03:56 Watch Tower
04:26 Watch Tower
04:36 Watch Tower
04:53 Watch Tower
04:54 Watch Tower
05:23 Watch Tower
06:06 Watch Tower
06:09 Watch Tower
06:09 Watch Tower
06:26 Stronghold
06:35 Watch Tower
06:37 Watch Tower
08:15 Watch Tower
08:16 Watch Tower
08:16 Watch Tower
08:17 Watch Tower
08:18 Watch Tower
08:19 Watch Tower
08:21 Watch Tower
08:22 Watch Tower
08:36 Great Hall
08:47 Watch Tower
09:06 Watch Tower
09:32 Fortress
10:01 Watch Tower
10:02 Watch Tower
10:42 Watch Tower
11:32 Watch Tower
12:33 Watch Tower
12:36 Watch Tower
13:23 Watch Tower
13:24 Watch Tower
13:24 Watch Tower
13:26 Watch Tower
13:26 Watch Tower
13:27 Watch Tower
13:28 Watch Tower
13:33 Watch Tower
13:34 Watch Tower
13:43 Watch Tower
13:50 Watch Tower
13:51 Watch Tower
13:52 Watch Tower
14:06 Watch Tower
14:07 Watch Tower
14:07 Watch Tower
14:09 Watch Tower
14:09 Watch Tower
14:11 Watch Tower
14:23 Watch Tower
15:27 Watch Tower
15:30 Watch Tower
15:31 Watch Tower
15:35 Voodoo Lounge
15:47 Watch Tower
15:47 Watch Tower
16:21 Watch Tower
16:24 Watch Tower
16:25 Watch Tower
16:48 Watch Tower
17:36 Watch Tower
17:36 Watch Tower
18:05 Watch Tower
18:28 Watch Tower
18:28 Watch Tower
18:29 Watch Tower
18:31 Watch Tower
18:31 Watch Tower
18:33 Watch Tower
18:35 Watch Tower
18:52 Watch Tower
18:56 Orc Burrow
19:32 Watch Tower
19:34 Watch Tower
19:36 Watch Tower
19:37 Watch Tower
19:39 Watch Tower
19:52 Voodoo Lounge
20:10 Watch Tower
20:11 Watch Tower
20:11 Watch Tower
20:13 Watch Tower
20:17 Watch Tower
20:17 Watch Tower
20:19 Watch Tower
20:19 Watch Tower
20:20 Watch Tower
20:21 Watch Tower
20:23 War Mill
20:36 Watch Tower
20:41 Watch Tower
20:41 Watch Tower
21:06 Watch Tower
21:47 Watch Tower
21:51 Watch Tower
21:53 Watch Tower
21:54 Watch Tower
26:01 Orc Burrow
26:04 Watch Tower
26:05 Watch Tower
26:05 Watch Tower
26:05 Watch Tower
26:10 Beastiary
26:33 Watch Tower
26:54 Watch Tower
26:55 Watch Tower
26:55 Watch Tower
26:55 Watch Tower
26:56 Watch Tower
26:59 Watch Tower
26:59 Watch Tower
27:40 War Mill
29:03 Watch Tower
29:04 Watch Tower
29:13 Watch Tower
29:29 Watch Tower
29:30 Watch Tower
30:05 Watch Tower
30:06 Watch Tower
30:38 Great Hall
30:40 Watch Tower
30:41 Watch Tower
31:00 Altar of Storms
31:49 Voodoo Lounge
32:45 Watch Tower
32:46 Watch Tower
32:46 Watch Tower
32:47 Watch Tower
32:49 Watch Tower
32:51 Watch Tower
32:52 Watch Tower
32:53 Watch Tower
32:53 Watch Tower
32:55 Watch Tower
32:56 Watch Tower
32:56 Watch Tower
33:28 Watch Tower
33:32 Watch Tower
33:45 Great Hall
33:54 Watch Tower
33:58 Altar of Storms
34:52 Watch Tower
34:53 Watch Tower
35:14 Orc Burrow
35:24 Orc Burrow
36:01 Watch Tower
36:04 Watch Tower
36:06 Watch Tower
36:30 Stronghold
37:04 Watch Tower
37:16 Watch Tower
37:42 Watch Tower
38:01 Watch Tower
38:04 Watch Tower
38:05 Watch Tower
38:07 Watch Tower
38:45 Watch Tower
38:46 Watch Tower
39:01 Watch Tower
39:06 Watch Tower
39:08 Watch Tower
39:10 Watch Tower
39:25 Watch Tower
39:25 Watch Tower
39:32 Watch Tower
39:40 Watch Tower
39:58 Watch Tower
40:01 Watch Tower
40:02 Watch Tower
40:09 Watch Tower
40:10 Watch Tower
40:11 Watch Tower
40:15 Watch Tower
41:13 Great Hall
41:14 Watch Tower
41:56 Watch Tower
41:57 Watch Tower
41:57 Watch Tower
41:59 Watch Tower
42:20 Watch Tower
» items
| Healing Salve | 3 | |
| Lesser Clarity Potion | 6 | |
| Boots of Quel'Thalas +6 | 6 | |
| Orb of Lightning | 2 | |
| Potion of Healing | 13 | |
| Scroll of Town Portal | 1 | |
| Staff of Sanctuary | 2 | |
| Potion of Mana | 1 | |
| Scourge Bone Chimes | 1 | |
35 total

»
Starshaped (
purple | 52 APM | 2225 actions | 42:51)
6 Blademaster
2 Wind Walk
3 Critical Strike
1 Bladestorm
» actions
| Assign group hotkey | 17 | |
| Basic commands | 2 | |
| Build / train | 70 | |
| Enter build submenu | 121 | |
| Enter hero's abilities submenu | 6 | |
| Remove unit from queue | 3 | |
| Right click | 855 | |
| Select / deselect | 445 | |
| Select group hotkey | 416 | |
| Use ability | 290 | |
2225 total
» units
» upgrades
| Spiked Barricades | 3 | |
| Reinforced Defenses | 1 | |
| Liquid Fire | 1 | |
| Ranged Weapons | 3 | |
8 total
» buildings
| War Mill | 2 | |
| Orc Burrow | 8 | |
| Altar of Storms | 1 | |
| Watch Tower | 99 | |
| Voodoo Lounge | 1 | |
| Stronghold | 1 | |
| Fortress | 1 | |
| Beastiary | 6 | |
119 total
» build order
00:21 War Mill
00:30 Orc Burrow
01:32 Altar of Storms
01:37 Watch Tower
01:47 Watch Tower
02:11 Watch Tower
02:13 Watch Tower
02:19 Watch Tower
02:29 Orc Burrow
02:59 Watch Tower
03:28 Watch Tower
03:32 Watch Tower
03:38 Watch Tower
03:53 Watch Tower
04:00 Voodoo Lounge
04:46 Watch Tower
04:49 Watch Tower
04:51 Watch Tower
05:33 Watch Tower
05:36 Watch Tower
06:00 Watch Tower
06:01 Watch Tower
06:03 Stronghold
06:05 Watch Tower
06:08 Orc Burrow
06:10 Watch Tower
06:15 Watch Tower
06:44 Watch Tower
06:48 Orc Burrow
06:50 Watch Tower
07:30 Watch Tower
07:31 Watch Tower
08:34 Fortress
09:00 Watch Tower
09:00 Watch Tower
09:01 Watch Tower
09:02 Watch Tower
09:04 Watch Tower
09:04 Watch Tower
09:41 Watch Tower
09:42 Watch Tower
09:43 Watch Tower
09:45 Watch Tower
09:46 Watch Tower
10:23 Watch Tower
10:24 Watch Tower
11:26 Watch Tower
11:28 Watch Tower
11:29 Watch Tower
11:30 Watch Tower
13:20 Watch Tower
13:21 Watch Tower
13:22 Watch Tower
13:47 Watch Tower
13:47 Watch Tower
13:49 Watch Tower
15:18 Beastiary
15:19 Beastiary
15:20 Beastiary
15:21 Beastiary
16:53 Watch Tower
16:54 Watch Tower
16:54 Watch Tower
16:55 Watch Tower
16:56 Watch Tower
16:57 Watch Tower
17:06 Watch Tower
18:06 Watch Tower
18:07 Watch Tower
18:08 Watch Tower
19:39 Orc Burrow
19:39 Orc Burrow
19:44 Watch Tower
21:33 Watch Tower
21:34 Watch Tower
21:34 Watch Tower
21:35 Watch Tower
21:35 Watch Tower
21:37 Watch Tower
21:39 Watch Tower
21:40 Watch Tower
21:41 Watch Tower
21:41 Watch Tower
21:42 Watch Tower
21:43 Watch Tower
21:43 Watch Tower
21:44 Watch Tower
21:46 Watch Tower
21:46 Watch Tower
21:47 Watch Tower
22:56 Watch Tower
24:14 Watch Tower
25:03 Watch Tower
25:05 Watch Tower
25:41 Watch Tower
25:44 Watch Tower
25:47 Watch Tower
28:39 Beastiary
28:43 Beastiary
30:20 Orc Burrow
30:22 Orc Burrow
34:35 Watch Tower
34:36 Watch Tower
34:37 Watch Tower
34:41 Watch Tower
34:42 Watch Tower
38:37 Watch Tower
38:37 Watch Tower
38:38 Watch Tower
38:39 Watch Tower
38:39 Watch Tower
38:40 Watch Tower
38:41 Watch Tower
38:41 Watch Tower
38:47 War Mill
40:10 Watch Tower
40:11 Watch Tower
40:12 Watch Tower
40:12 Watch Tower
» items
| Lesser Clarity Potion | 9 | |
| Healing Salve | 3 | |
| Orb of Lightning | 1 | |
| Tiny Great Hall | 1 | |
| Scroll of Town Portal | 4 | |
| Boots of Quel'Thalas +6 | 1 | |
19 total
TIMG4STRok (
pink | 89 APM | 3819 actions | 42:51)
5 Paladin
3 Holy Light
1 Devotion Aura
1 Divine Shield
2 Mountain King
1 Storm Bolt
1 Bash
» actions
| Assign group hotkey | 4 | |
| Basic commands | 14 | |
| Build / train | 227 | |
| ESC pressed | 6 | |
| Enter build submenu | 203 | |
| Enter hero's abilities submenu | 7 | |
| Give item / drop item | 3 | |
| Right click | 1534 | |
| Select / deselect | 489 | |
| Select group hotkey | 584 | |
| Use ability | 748 | |
3819 total
» units
» upgrades
| Masonry | 3 | |
| Lumber Harvesting | 2 | |
| Magic Sentry | 1 | |
6 total
» buildings
| Altar of Kings | 1 | |
| Farm | 9 | |
| Lumber Mill | 3 | |
| Scout Tower | 525 | |
| Arcane Tower | 4 | |
| Guard Tower | 147 | |
| Arcane Vault | 3 | |
| Keep | 1 | |
| Town Hall | 2 | |
| Arcane Sanctum | 1 | |
| Castle | 1 | |
697 total
» build order
00:06 Altar of Kings
00:17 Farm
00:24 Lumber Mill
01:04 Scout Tower
01:34 Arcane Tower
01:38 Scout Tower
01:49 Farm
02:12 Guard Tower
02:17 Scout Tower
02:28 Scout Tower
03:04 Guard Tower
03:06 Scout Tower
03:10 Arcane Tower
03:12 Scout Tower
03:13 Scout Tower
03:27 Arcane Vault
03:33 Farm
03:37 Scout Tower
03:48 Guard Tower
03:55 Guard Tower
04:07 Guard Tower
04:17 Guard Tower
04:20 Lumber Mill
04:24 Scout Tower
04:51 Scout Tower
04:51 Scout Tower
04:52 Scout Tower
04:53 Scout Tower
05:11 Guard Tower
05:13 Scout Tower
05:18 Scout Tower
05:19 Scout Tower
05:21 Scout Tower
05:23 Scout Tower
06:16 Guard Tower
06:18 Scout Tower
06:18 Scout Tower
06:19 Scout Tower
06:20 Scout Tower
06:21 Scout Tower
06:21 Scout Tower
06:22 Scout Tower
06:23 Scout Tower
06:28 Guard Tower
06:34 Guard Tower
06:35 Guard Tower
06:44 Guard Tower
06:45 Guard Tower
06:45 Guard Tower
06:48 Guard Tower
06:49 Guard Tower
06:49 Guard Tower
07:03 Guard Tower
07:29 Guard Tower
08:16 Guard Tower
08:46 Keep
09:15 Town Hall
09:24 Scout Tower
09:24 Scout Tower
09:27 Scout Tower
09:27 Scout Tower
09:28 Scout Tower
09:28 Scout Tower
09:29 Scout Tower
09:29 Scout Tower
09:30 Scout Tower
09:39 Town Hall
09:54 Scout Tower
09:55 Scout Tower
09:56 Scout Tower
09:56 Scout Tower
09:57 Scout Tower
10:21 Guard Tower
11:26 Guard Tower
11:48 Arcane Sanctum
12:33 Guard Tower
13:19 Castle
13:25 Scout Tower
13:25 Scout Tower
13:26 Scout Tower
13:27 Scout Tower
13:28 Scout Tower
13:29 Scout Tower
13:30 Scout Tower
13:30 Scout Tower
13:35 Farm
13:36 Farm
13:36 Farm
13:37 Farm
13:37 Farm
13:38 Farm
14:25 Guard Tower
15:09 Scout Tower
15:09 Scout Tower
15:11 Scout Tower
15:11 Scout Tower
15:14 Arcane Vault
15:44 Guard Tower
15:46 Scout Tower
15:47 Scout Tower
15:47 Scout Tower
15:48 Scout Tower
15:48 Scout Tower
15:49 Scout Tower
15:50 Scout Tower
15:51 Scout Tower
15:53 Scout Tower
15:54 Scout Tower
15:55 Scout Tower
15:56 Scout Tower
15:57 Scout Tower
16:07 Guard Tower
16:38 Scout Tower
16:39 Scout Tower
16:40 Scout Tower
17:29 Guard Tower
17:32 Scout Tower
17:33 Scout Tower
17:34 Scout Tower
17:34 Scout Tower
17:35 Scout Tower
17:35 Scout Tower
17:36 Scout Tower
17:36 Scout Tower
17:37 Scout Tower
17:37 Scout Tower
17:44 Guard Tower
17:46 Scout Tower
17:47 Scout Tower
17:47 Scout Tower
17:48 Scout Tower
17:48 Scout Tower
17:49 Scout Tower
17:50 Scout Tower
17:51 Scout Tower
17:59 Guard Tower
18:11 Guard Tower
18:19 Guard Tower
18:45 Guard Tower
18:48 Guard Tower
18:56 Guard Tower
18:58 Scout Tower
18:59 Scout Tower
19:00 Scout Tower
19:01 Scout Tower
19:18 Scout Tower
19:20 Scout Tower
19:23 Scout Tower
19:25 Scout Tower
19:50 Guard Tower
19:53 Scout Tower
19:54 Scout Tower
20:01 Guard Tower
20:04 Scout Tower
20:04 Scout Tower
20:05 Scout Tower
20:06 Scout Tower
20:07 Scout Tower
20:10 Guard Tower
20:11 Scout Tower
20:12 Scout Tower
20:14 Guard Tower
20:16 Scout Tower
20:17 Scout Tower
20:17 Scout Tower
20:18 Scout Tower
20:19 Scout Tower
20:19 Scout Tower
20:20 Scout Tower
20:20 Scout Tower
20:27 Guard Tower
20:29 Scout Tower
20:31 Scout Tower
20:32 Scout Tower
20:32 Scout Tower
20:33 Scout Tower
20:33 Scout Tower
20:36 Scout Tower
20:37 Scout Tower
20:38 Scout Tower
20:39 Scout Tower
20:40 Scout Tower
20:41 Scout Tower
20:42 Scout Tower
20:43 Scout Tower
20:45 Guard Tower
20:48 Scout Tower
20:48 Scout Tower
20:49 Scout Tower
20:50 Scout Tower
20:51 Scout Tower
20:56 Guard Tower
21:00 Guard Tower
21:12 Guard Tower
21:13 Scout Tower
21:14 Scout Tower
21:14 Scout Tower
21:20 Guard Tower
21:23 Guard Tower
21:39 Guard Tower
21:45 Guard Tower
21:45 Guard Tower
21:45 Guard Tower
21:48 Guard Tower
21:54 Lumber Mill
21:59 Guard Tower
22:07 Guard Tower
22:07 Guard Tower
22:07 Guard Tower
22:07 Guard Tower
22:10 Guard Tower
22:12 Guard Tower
22:14 Scout Tower
22:15 Scout Tower
22:17 Scout Tower
22:17 Scout Tower
22:18 Scout Tower
22:20 Scout Tower
22:20 Scout Tower
22:21 Scout Tower
22:22 Scout Tower
22:23 Scout Tower
22:24 Scout Tower
22:31 Guard Tower
22:44 Scout Tower
22:44 Scout Tower
22:45 Scout Tower
22:45 Scout Tower
22:47 Guard Tower
23:00 Guard Tower
23:01 Scout Tower
23:02 Scout Tower
23:03 Scout Tower
23:04 Scout Tower
23:18 Guard Tower
23:22 Scout Tower
23:22 Scout Tower
23:23 Scout Tower
23:24 Scout Tower
23:29 Guard Tower
23:43 Guard Tower
23:46 Guard Tower
23:52 Scout Tower
23:52 Scout Tower
23:53 Scout Tower
23:54 Scout Tower
23:55 Scout Tower
23:56 Scout Tower
23:57 Scout Tower
24:00 Scout Tower
24:00 Scout Tower
24:22 Guard Tower
24:23 Scout Tower
24:24 Scout Tower
24:25 Scout Tower
24:26 Scout Tower
24:26 Scout Tower
24:28 Scout Tower
24:28 Scout Tower
24:29 Scout Tower
24:35 Guard Tower
24:40 Scout Tower
24:41 Scout Tower
24:42 Scout Tower
24:43 Scout Tower
24:45 Scout Tower
24:45 Scout Tower
24:49 Scout Tower
24:50 Scout Tower
24:51 Scout Tower
24:52 Scout Tower
24:53 Scout Tower
24:55 Scout Tower
24:55 Scout Tower
24:56 Scout Tower
24:57 Scout Tower
24:57 Scout Tower
24:58 Scout Tower
25:13 Guard Tower
25:56 Scout Tower
25:57 Scout Tower
25:57 Scout Tower
25:58 Scout Tower
25:59 Guard Tower
26:06 Guard Tower
26:07 Scout Tower
26:09 Scout Tower
26:09 Scout Tower
26:10 Scout Tower
26:11 Scout Tower
26:12 Scout Tower
26:53 Scout Tower
26:53 Scout Tower
26:54 Scout Tower
26:55 Scout Tower
26:56 Scout Tower
26:57 Scout Tower
26:58 Scout Tower
26:58 Scout Tower
26:59 Scout Tower
26:59 Scout Tower
27:00 Scout Tower
27:01 Scout Tower
27:02 Scout Tower
27:02 Scout Tower
27:15 Guard Tower
27:19 Scout Tower
27:20 Scout Tower
27:21 Scout Tower
27:22 Scout Tower
27:23 Scout Tower
27:23 Scout Tower
27:24 Scout Tower
27:25 Scout Tower
27:26 Scout Tower
27:26 Scout Tower
27:28 Guard Tower
27:50 Guard Tower
27:53 Guard Tower
27:54 Scout Tower
27:55 Scout Tower
27:56 Scout Tower
27:57 Scout Tower
27:58 Scout Tower
27:59 Scout Tower
27:59 Scout Tower
28:00 Scout Tower
28:01 Scout Tower
28:01 Scout Tower
28:03 Scout Tower
28:06 Guard Tower
28:08 Scout Tower
28:09 Scout Tower
28:10 Scout Tower
28:11 Scout Tower
28:12 Scout Tower
28:12 Scout Tower
28:13 Scout Tower
28:14 Scout Tower
28:14 Scout Tower
28:17 Guard Tower
28:57 Guard Tower
28:59 Scout Tower
28:59 Scout Tower
29:00 Scout Tower
29:01 Scout Tower
29:01 Scout Tower
29:02 Scout Tower
29:03 Scout Tower
29:03 Scout Tower
29:04 Scout Tower
29:06 Scout Tower
29:07 Scout Tower
29:07 Scout Tower
29:08 Scout Tower
29:13 Guard Tower
29:15 Scout Tower
29:16 Scout Tower
29:18 Scout Tower
29:19 Scout Tower
29:20 Scout Tower
29:21 Scout Tower
29:22 Scout Tower
29:23 Scout Tower
29:24 Scout Tower
29:25 Scout Tower
29:28 Scout Tower
29:28 Scout Tower
29:29 Scout Tower
29:29 Scout Tower
29:30 Scout Tower
29:31 Scout Tower
29:32 Scout Tower
29:32 Scout Tower
29:33 Scout Tower
29:34 Scout Tower
29:38 Guard Tower
29:39 Scout Tower
29:40 Scout Tower
29:41 Scout Tower
29:42 Scout Tower
29:43 Scout Tower
29:44 Scout Tower
29:46 Scout Tower
29:48 Guard Tower
29:53 Scout Tower
29:54 Scout Tower
29:55 Scout Tower
29:56 Scout Tower
29:56 Scout Tower
29:57 Scout Tower
30:00 Scout Tower
30:00 Scout Tower
30:01 Scout Tower
30:02 Scout Tower
30:05 Guard Tower
30:08 Scout Tower
30:09 Scout Tower
30:10 Scout Tower
30:11 Scout Tower
30:16 Guard Tower
30:23 Scout Tower
30:24 Scout Tower
30:25 Scout Tower
30:26 Scout Tower
30:31 Guard Tower
30:34 Scout Tower
30:34 Scout Tower
30:35 Scout Tower
30:36 Scout Tower
30:37 Scout Tower
30:37 Scout Tower
30:47 Guard Tower
30:47 Guard Tower
30:47 Guard Tower
30:48 Guard Tower
30:50 Scout Tower
30:51 Scout Tower
30:51 Scout Tower
30:52 Scout Tower
30:53 Scout Tower
31:16 Guard Tower
31:18 Scout Tower
31:19 Scout Tower
31:20 Scout Tower
31:21 Scout Tower
31:25 Guard Tower
31:27 Scout Tower
31:28 Scout Tower
31:28 Scout Tower
31:29 Scout Tower
31:29 Scout Tower
31:30 Scout Tower
31:32 Scout Tower
31:33 Scout Tower
31:33 Scout Tower
31:36 Guard Tower
31:41 Guard Tower
31:48 Guard Tower
31:52 Guard Tower
32:08 Guard Tower
32:08 Guard Tower
32:08 Guard Tower
32:09 Guard Tower
32:17 Guard Tower
32:17 Guard Tower
32:17 Guard Tower
32:23 Guard Tower
32:23 Guard Tower
32:24 Guard Tower
32:28 Guard Tower
32:32 Scout Tower
32:32 Scout Tower
32:34 Scout Tower
32:35 Scout Tower
32:39 Guard Tower
32:44 Scout Tower
32:45 Scout Tower
32:46 Scout Tower
32:46 Scout Tower
32:47 Scout Tower
32:48 Scout Tower
32:50 Scout Tower
32:50 Scout Tower
32:51 Scout Tower
32:51 Scout Tower
32:52 Scout Tower
32:52 Scout Tower
32:53 Scout Tower
32:55 Scout Tower
32:56 Scout Tower
32:57 Scout Tower
32:57 Scout Tower
32:58 Scout Tower
32:59 Scout Tower
32:59 Scout Tower
33:00 Scout Tower
33:02 Guard Tower
33:07 Guard Tower
33:10 Scout Tower
33:11 Scout Tower
33:11 Scout Tower
33:12 Scout Tower
33:13 Scout Tower
33:13 Scout Tower
33:15 Scout Tower
33:16 Scout Tower
33:18 Guard Tower
33:22 Scout Tower
33:23 Scout Tower
33:24 Scout Tower
33:24 Scout Tower
33:25 Scout Tower
33:26 Scout Tower
33:27 Scout Tower
33:27 Scout Tower
33:28 Scout Tower
33:29 Scout Tower
33:29 Scout Tower
33:30 Scout Tower
33:33 Scout Tower
33:35 Scout Tower
33:36 Scout Tower
33:37 Scout Tower
33:37 Scout Tower
33:38 Scout Tower
33:39 Scout Tower
33:40 Scout Tower
33:49 Guard Tower
34:01 Guard Tower
34:07 Guard Tower
34:21 Guard Tower
34:29 Arcane Vault
34:33 Scout Tower
34:34 Scout Tower
34:35 Scout Tower
34:35 Scout Tower
34:36 Scout Tower
34:37 Scout Tower
34:42 Guard Tower
34:51 Guard Tower
34:55 Guard Tower
34:57 Guard Tower
35:00 Guard Tower
35:05 Scout Tower
35:05 Scout Tower
35:06 Scout Tower
35:06 Scout Tower
35:07 Scout Tower
35:08 Scout Tower
35:12 Scout Tower
35:12 Scout Tower
35:13 Scout Tower
35:14 Scout Tower
35:15 Scout Tower
35:17 Guard Tower
35:22 Guard Tower
35:25 Guard Tower
35:30 Scout Tower
35:31 Scout Tower
35:31 Scout Tower
35:32 Scout Tower
35:33 Scout Tower
35:34 Scout Tower
35:35 Scout Tower
35:35 Scout Tower
35:36 Scout Tower
35:37 Scout Tower
35:38 Scout Tower
35:38 Scout Tower
35:39 Scout Tower
35:41 Scout Tower
35:41 Scout Tower
35:42 Scout Tower
35:47 Guard Tower
36:08 Guard Tower
36:10 Arcane Tower
36:36 Scout Tower
36:39 Guard Tower
36:40 Guard Tower
36:45 Scout Tower
36:46 Scout Tower
36:47 Scout Tower
36:49 Scout Tower
36:50 Scout Tower
36:52 Scout Tower
36:53 Scout Tower
36:55 Scout Tower
36:56 Scout Tower
36:58 Scout Tower
37:03 Guard Tower
37:05 Scout Tower
37:06 Scout Tower
37:06 Scout Tower
37:07 Scout Tower
37:07 Scout Tower
37:08 Scout Tower
37:08 Scout Tower
37:09 Scout Tower
37:10 Scout Tower
37:10 Scout Tower
37:12 Scout Tower
37:13 Scout Tower
37:15 Guard Tower
37:18 Scout Tower
37:19 Scout Tower
37:20 Scout Tower
37:21 Scout Tower
37:22 Scout Tower
37:23 Scout Tower
37:24 Scout Tower
37:25 Scout Tower
37:25 Scout Tower
37:27 Scout Tower
37:28 Scout Tower
37:28 Scout Tower
37:29 Scout Tower
37:30 Scout Tower
37:30 Scout Tower
37:31 Scout Tower
37:33 Scout Tower
37:33 Scout Tower
37:39 Guard Tower
37:41 Scout Tower
38:00 Guard Tower
38:16 Guard Tower
38:19 Guard Tower
38:43 Guard Tower
38:44 Scout Tower
38:45 Scout Tower
38:46 Scout Tower
38:46 Scout Tower
38:47 Scout Tower
38:47 Scout Tower
38:48 Scout Tower
38:49 Scout Tower
38:51 Scout Tower
38:51 Scout Tower
38:55 Scout Tower
38:56 Scout Tower
38:57 Scout Tower
38:58 Scout Tower
38:59 Scout Tower
39:02 Guard Tower
39:05 Scout Tower
39:06 Scout Tower
39:08 Scout Tower
39:08 Scout Tower
39:09 Scout Tower
39:10 Scout Tower
39:10 Scout Tower
39:11 Scout Tower
39:12 Scout Tower
39:13 Scout Tower
39:25 Guard Tower
39:27 Scout Tower
39:28 Scout Tower
39:28 Scout Tower
39:29 Scout Tower
39:35 Guard Tower
40:04 Guard Tower
40:15 Guard Tower
40:19 Arcane Tower
40:22 Scout Tower
40:23 Scout Tower
40:25 Scout Tower
40:25 Scout Tower
40:26 Scout Tower
40:27 Scout Tower
40:28 Scout Tower
40:28 Scout Tower
41:59 Guard Tower
42:00 Scout Tower
42:00 Scout Tower
42:01 Scout Tower
42:02 Scout Tower
42:02 Scout Tower
42:03 Scout Tower
42:10 Guard Tower
42:12 Scout Tower
42:13 Scout Tower
42:13 Scout Tower
42:14 Scout Tower
42:15 Scout Tower
42:16 Scout Tower
42:17 Scout Tower
42:17 Scout Tower
42:19 Scout Tower
42:20 Scout Tower
42:21 Scout Tower
42:22 Scout Tower
42:23 Scout Tower
42:26 Guard Tower
42:27 Scout Tower
42:28 Scout Tower
42:29 Scout Tower
42:29 Scout Tower
42:30 Scout Tower
42:30 Scout Tower
42:31 Scout Tower
42:32 Scout Tower
42:35 Scout Tower
42:36 Scout Tower
42:37 Scout Tower
42:37 Scout Tower
42:40 Guard Tower
42:44 Guard Tower
42:46 Scout Tower
42:47 Scout Tower
42:47 Scout Tower
42:50 Guard Tower
» items
| Scroll of Regeneration | 2 | |
| Belt of Giant Strength +6 | 2 | |
| Runed Bracers | 3 | |
| Ankh of Reincarnation | 1 | |
| Boots of Quel'Thalas +6 | 2 | |
| Potion of Healing | 1 | |
| Staff of Sanctuary | 2 | |
| Orb of Lightning | 2 | |
| Lesser Clarity Potion | 2 | |
| Sobi Mask | 1 | |
18 total
team 2 (loser)

»
bam_27 (
orange | 44 APM | 1882 actions | 42:30)
5 Death Knight
3 Death Coil
2 Unholy Aura
5 Lich
3 Frost Nova
2 Frost Armor
» actions
| Assign group hotkey | 2 | |
| Basic commands | 4 | |
| Build / train | 71 | |
| Enter build submenu | 18 | |
| Enter hero's abilities submenu | 10 | |
| Give item / drop item | 2 | |
| Remove unit from queue | 1 | |
| Right click | 1230 | |
| Select / deselect | 442 | |
| Use ability | 102 | |
1882 total
» units
| Acolyte | 8 | |
| Ghoul | 3 | |
| Crypt Fiend | 8 | |
| Frost Wyrm | 18 | |
37 total
» upgrades
| Freezing Breath | 1 | |
| Creature Attack | 3 | |
| Creature Carapace | 3 | |
| Web | 1 | |
8 total
» buildings
| Graveyard | 2 | |
| Crypt | 1 | |
| Altar of Darkness | 1 | |
| Ziggurat | 10 | |
| Tomb of Relics | 1 | |
| Nerubian Tower | 3 | |
| Spirit Tower | 1 | |
| Halls of the Dead | 1 | |
| Black Citadel | 1 | |
| Sacrificial Pit | 1 | |
| Boneyard | 2 | |
24 total
» build order
00:17 Graveyard
00:27 Crypt
00:48 Altar of Darkness
01:07 Ziggurat
01:19 Ziggurat
01:54 Tomb of Relics
02:14 Nerubian Tower
02:22 Spirit Tower
03:25 Halls of the Dead
04:40 Ziggurat
06:29 Black Citadel
06:32 Sacrificial Pit
06:54 Graveyard
08:04 Ziggurat
08:36 Nerubian Tower
09:01 Boneyard
09:04 Boneyard
09:43 Ziggurat
12:43 Ziggurat
22:34 Ziggurat
26:02 Ziggurat
26:04 Ziggurat
26:09 Nerubian Tower
26:13 Ziggurat
» items
| Rod of Necromancy | 1 | |
| Dust of Appearance | 3 | |
| Orb of Corruption | 1 | |
| Sacrificial Skull | 1 | |
| Scroll of Town Portal | 1 | |
7 total

»
J-Cums (
teal | 41 APM | 1728 actions | 42:12)
6 Mountain King
3 Storm Bolt
2 Bash
1 Avatar
» actions
| Assign group hotkey | 16 | |
| Basic commands | 2 | |
| Build / train | 103 | |
| Enter build submenu | 45 | |
| Enter hero's abilities submenu | 6 | |
| Remove unit from queue | 1 | |
| Right click | 812 | |
| Select / deselect | 596 | |
| Select group hotkey | 19 | |
| Use ability | 128 | |
1728 total
» units
| Peasant | 16 | |
| Footman | 9 | |
| Forest Troll Berserker | 1 | |
| Forest Troll Shadow Priest | 1 | |
| Knight | 6 | |
| Dragonhawk Rider | 18 | |
| Siege Engine | 7 | |
58 total
» upgrades
| Swords | 2 | |
| Animal War Training | 1 | |
| Plating | 2 | |
| Cloud | 1 | |
| Lumber Harvesting | 2 | |
| Barrage | 1 | |
| Gunpowder | 1 | |
10 total
» buildings
| Altar of Kings | 2 | |
| Farm | 11 | |
| Barracks | 2 | |
| Scout Tower | 16 | |
| Arcane Tower | 2 | |
| Lumber Mill | 1 | |
| Keep | 1 | |
| Guard Tower | 11 | |
| Arcane Vault | 1 | |
| Castle | 1 | |
| Blacksmith | 1 | |
| Gryphon Aviary | 5 | |
| Workshop | 3 | |
57 total
» build order
00:18 Altar of Kings
00:22 Altar of Kings
00:33 Farm
00:42 Barracks
01:21 Scout Tower
01:49 Farm
02:26 Arcane Tower
02:48 Farm
03:17 Lumber Mill
04:20 Keep
04:25 Scout Tower
04:32 Farm
05:02 Guard Tower
05:09 Scout Tower
05:20 Barracks
05:42 Arcane Vault
05:44 Guard Tower
06:39 Farm
07:05 Farm
07:13 Scout Tower
08:17 Guard Tower
08:43 Scout Tower
08:50 Castle
09:32 Arcane Tower
09:36 Farm
09:55 Blacksmith
10:51 Farm
11:32 Farm
12:21 Farm
13:21 Farm
13:31 Scout Tower
13:35 Scout Tower
15:28 Guard Tower
15:31 Scout Tower
16:28 Scout Tower
16:59 Gryphon Aviary
17:02 Guard Tower
18:01 Gryphon Aviary
18:46 Gryphon Aviary
18:49 Gryphon Aviary
19:06 Gryphon Aviary
20:11 Scout Tower
20:16 Scout Tower
22:07 Guard Tower
23:57 Scout Tower
24:02 Scout Tower
24:32 Guard Tower
24:53 Guard Tower
32:36 Workshop
32:45 Workshop
33:57 Scout Tower
34:12 Scout Tower
34:35 Workshop
34:38 Guard Tower
35:25 Guard Tower
36:33 Scout Tower
37:13 Guard Tower
» items
| Ankh of Reincarnation | 1 | |
| Scourge Bone Chimes | 1 | |
| Scroll of Regeneration | 3 | |
| Lesser Clarity Potion | 2 | |
| Scroll of Town Portal | 2 | |
| Scroll of Speed | 1 | |
10 total

»
p.maldini03 (
yellow | 75 APM | 3194 actions | 42:34)
5 Blademaster
3 Wind Walk
2 Critical Strike
5 Shadow Hunter
3 Hex
2 Healing Wave
» actions
| Assign group hotkey | 129 | |
| Basic commands | 36 | |
| Build / train | 98 | |
| Enter build submenu | 47 | |
| Enter hero's abilities submenu | 10 | |
| Give item / drop item | 1 | |
| Remove unit from queue | 5 | |
| Right click | 1869 | |
| Select / deselect | 643 | |
| Select group hotkey | 222 | |
| Use ability | 134 | |
3194 total
» units
| Peon | 18 | |
| Grunt | 5 | |
| Troll Witch Doctor | 12 | |
| Tauren | 4 | |
| Demolisher | 10 | |
| Shaman | 4 | |
| Troll Batrider | 3 | |
| Wind Rider | 1 | |
57 total
» upgrades
| Berserker Strength | 1 | |
| Witch Doctor Training | 2 | |
| Armor | 3 | |
| Melee Weapons | 1 | |
| Pulverize | 1 | |
| Burning Oil | 1 | |
| Shaman Training | 2 | |
| Ranged Weapons | 2 | |
| Reinforced Defenses | 1 | |
14 total
» buildings
| Altar of Storms | 1 | |
| Orc Burrow | 8 | |
| Barracks | 1 | |
| Stronghold | 1 | |
| Voodoo Lounge | 1 | |
| Fortress | 1 | |
| Spirit Lodge | 1 | |
| War Mill | 1 | |
| Tauren Totem | 2 | |
| Beastiary | 3 | |
| Great Hall | 3 | |
| Watch Tower | 16 | |
39 total
» build order
00:11 Altar of Storms
00:23 Orc Burrow
00:38 Barracks
01:35 Orc Burrow
03:03 Stronghold
03:26 Orc Burrow
03:53 Voodoo Lounge
06:27 Fortress
06:28 Spirit Lodge
06:44 Orc Burrow
07:26 War Mill
09:00 Tauren Totem
09:39 Tauren Totem
10:44 Orc Burrow
11:24 Orc Burrow
11:58 Orc Burrow
12:52 Orc Burrow
20:00 Beastiary
20:01 Beastiary
20:02 Beastiary
33:58 Great Hall
34:06 Watch Tower
34:08 Watch Tower
34:09 Watch Tower
34:12 Watch Tower
35:26 Great Hall
35:30 Watch Tower
35:31 Watch Tower
36:12 Watch Tower
36:13 Watch Tower
37:05 Watch Tower
37:47 Watch Tower
37:48 Watch Tower
38:05 Great Hall
38:57 Watch Tower
38:59 Watch Tower
39:02 Watch Tower
40:23 Watch Tower
40:37 Watch Tower
» items
| Healing Salve | 2 | |
| Lesser Clarity Potion | 1 | |
| Scroll of Speed | 2 | |
5 total

»
POONLIQR (
blue | 85 APM | 3649 actions | 42:50)
6 Demon Hunter
3 Mana Burn
2 Evasion
1 Metamorphosis
6 Keeper of the Grove
3 Entangling Roots
2 Thorns Aura
1 Tranquility
» actions
| Assign group hotkey | 60 | |
| Basic commands | 17 | |
| Build / train | 142 | |
| Enter build submenu | 30 | |
| Enter hero's abilities submenu | 13 | |
| Give item / drop item | 2 | |
| Remove unit from queue | 15 | |
| Right click | 1659 | |
| Select / deselect | 570 | |
| Select group hotkey | 883 | |
| Use ability | 255 | |
3649 total
» units
| Wisp | 41 | |
| Huntress | 5 | |
| Mountain Giant | 3 | |
| Chimaera | 12 | |
| Hippogryph | 4 | |
65 total
» upgrades
| Ultravision | 1 | |
| Hardened Skin | 1 | |
| Resistant Skin | 1 | |
| Reinforced Hides | 3 | |
| Corrosive Breath | 1 | |
| Strength of the Wild | 3 | |
| Nature's Blessing | 1 | |
| Hippogryph Taming | 1 | |
| Well Spring | 1 | |
| Strength of the Moon | 2 | |
| Moon Armor | 1 | |
| Backpack | 1 | |
| Druid of the Claw Training | 1 | |
| Abolish Magic | 1 | |
| Druid of the Talon Training | 1 | |
20 total
» buildings
| Altar of Elders | 1 | |
| Moon Well | 9 | |
| Hunter's Hall | 1 | |
| Ancient of War | 1 | |
| Tree of Ages | 2 | |
| Ancient of Wonders | 1 | |
| Ancient of Lore | 2 | |
| Tree of Eternity | 2 | |
| Ancient of Wind | 1 | |
| Tree of Life | 7 | |
| Chimaera Roost | 1 | |
28 total
» build order
00:06 Altar of Elders
00:18 Moon Well
01:14 Hunter's Hall
01:41 Ancient of War
02:06 Moon Well
02:53 Tree of Ages
02:53 Tree of Ages
03:07 Moon Well
03:27 Ancient of Wonders
05:20 Ancient of Lore
05:23 Ancient of Lore
06:23 Moon Well
06:24 Tree of Eternity
06:25 Tree of Eternity
06:50 Moon Well
08:08 Moon Well
09:58 Ancient of Wind
11:26 Tree of Life
11:37 Chimaera Roost
12:24 Tree of Life
13:13 Moon Well
21:26 Tree of Life
31:26 Tree of Life
31:31 Tree of Life
31:33 Tree of Life
32:15 Tree of Life
32:31 Moon Well
32:32 Moon Well
» items
| Dust of Appearance | 2 | |
| Scroll of Town Portal | 1 | |
| Staff of Preservation | 2 | |
| Orb of Venom | 1 | |
| Anti-magic Potion | 1 | |
7 total
Chat log
(00:09 / Allies) MagnificentMata: im gonna takea da mid
(00:12 / Allies) MagnificentMata: and get a superstrong blademaster
(00:15 / Allies) ill.cruton: tiggity
(00:16 / Allies) ill.cruton: towa
(00:18 / Allies) Starshaped: im gonna tower the fuck out of our common base
(00:29 / Allies) ill.cruton: i will lend u a helping hand
(00:31 / Allies) TIMG4STRok: I DON'T think i've ever seen you tower flamestruck
(00:35 / Allies) TIMG4STRok: so make it nice please
(00:36 / Allies) MagnificentMata: its friends!!! you can do anything you want on freunds.w3x
(00:38 / Allies) Starshaped: watch me in 1v1
(00:40 / Allies) Starshaped: and you'll see
(00:52 / Allies) Starshaped: i have a replay on replayer with 300+ downloads
(00:54 / Allies) MagnificentMata: im watching you in 4s
(00:55 / Allies) Starshaped: and a flame war to boot
(01:00 / Allies) Starshaped: where i made 300 towers vs this orc
(01:00 / Allies) TIMG4STRok: every time we play you're like "i want to make a lot of towers!!!" then we 4s and you're all "i only feed in 4s so im going elf
(01:03 / Allies) Starshaped: who pwned me early game
(01:12 / Allies) Starshaped: feeding is more fun
(01:13 / Allies) MagnificentMata: yo there's a replay where i build 7000 towers vs some noobs ?
(01:19 / Allies) Starshaped: gratz
(01:20 / Allies) Starshaped: this was 1v1
(01:21 / Allies) Starshaped: and i won
(01:26 / Allies) MagnificentMata: me too. i won too
(01:26 / Allies) Starshaped: its not just mindless towermass
(01:28 / Allies) TIMG4STRok: for towers
(01:29 / Allies) Starshaped: its skill 1v1 towers
(01:31 / Allies) ill.cruton: i nvr win
(02:01 / Allies) Starshaped: basically his bm molested me all game
(02:05 / Allies) Starshaped: so i said fuck it and towered the map
(02:16 / Allies) ill.cruton: throw a dog a bone, purpz
(02:25 / Allies) Starshaped: huh
(02:33 / Allies) ill.cruton: scruff
(02:35 / Allies) ill.cruton: mggruff
(02:39 / Allies) ill.cruton: chicago illinoi
(03:14 / Allies) Starshaped: i like the 50k goldmines
(03:14 / Allies) Starshaped: :D
(03:20 / Allies) MagnificentMata: thats what makes this map great
(03:20 / Allies) Starshaped: if u stab in 4s
(03:23 / Allies) Starshaped: u get 100k gold
(03:24 / Allies) Starshaped: :D
(03:33 / Allies) ill.cruton: purple
(03:36 / Allies) ill.cruton: r u new player?
(03:40 / Allies) Starshaped: no
(03:45 / Allies) Starshaped: how so?
(03:45 / Allies) ill.cruton: kk
(03:47 / Allies) MagnificentMata: he's new
(03:49 / Allies) ill.cruton: make shoppe plz
(03:59 / Allies) MagnificentMata: listen to him talkign about rt strats
(04:01 / Allies) ill.cruton: some of us got hero in timely manner
(04:04 / Allies) MagnificentMata: like its 2003
(04:05 / Allies) ill.cruton: need shop with manner timing
(04:12 / Allies) Starshaped: i made towers stuf
(04:17 / Allies) Starshaped: stfu*
(04:19 / All) ill.cruton: Ded
(04:20 / Allies) Starshaped: i dont play cookiecut in 4v4
(04:29 / Allies) MagnificentMata: you play rt
(04:31 / Allies) TIMG4STRok: cookiecut
(04:33 / Allies) TIMG4STRok: like making altar
(04:36 / Allies) Starshaped: yeah
(04:39 / Allies) Starshaped: cookiecut newbs
(04:46 / Allies) MagnificentMata: they creepin i guess
(05:05 / Allies) ill.cruton: cummin
(05:31 / Allies) MagnificentMata: cj cj
(05:51 / Allies) Starshaped: wood me red
(05:53 / Allies) Starshaped: alot
(05:59 / Allies) Starshaped: ty
(06:24 / Allies) Starshaped: no shop?
(06:36 / Allies) Starshaped: shop as in neutral
(06:40 / Allies) MagnificentMata: no
(06:50 / Allies) MagnificentMata: marketplaces though
(06:59 / Allies) MagnificentMata: can have level 6 items you know the agi boots etc
(07:08 / Allies) Starshaped: they only get that after u creep it
(07:09 / Allies) Starshaped: right?
(07:11 / Allies) MagnificentMata: yeah ofc
(07:13 / Allies) MagnificentMata: but im doing that atm
(07:52 / Allies) MagnificentMata: fagot scroll
(08:40 / Allies) Starshaped: wood me
(09:16 / Allies) Starshaped: siege upgrade worht getting?
(09:20 / Allies) MagnificentMata: not yet
(09:24 / Allies) MagnificentMata: wait for frosty
(09:28 / Allies) Starshaped: k
(09:48 / Allies) MagnificentMata: told you you had to be not total noob
(09:52 / Allies) MagnificentMata: lol
(09:54 / Allies) ill.cruton: i told u i was
(10:50 / Allies) Starshaped: wood
(11:03 / Allies) MagnificentMata: gimme 200g for boots
(11:15 / Allies) ill.cruton: canT
(11:39 / Allies) ill.cruton: can we creeep
(11:49 / Allies) MagnificentMata: go
(11:50 / Allies) MagnificentMata: go
(11:50 / Allies) MagnificentMata: go
(11:51 / Allies) MagnificentMata: go
(11:51 / Allies) MagnificentMata: go
(11:51 / Allies) MagnificentMata: go
(11:52 / Allies) MagnificentMata: go
(11:53 / Allies) MagnificentMata: share
(11:53 / Allies) MagnificentMata: u
(11:54 / Allies) MagnificentMata: up
(11:54 / Allies) MagnificentMata: up
(11:55 / Allies) MagnificentMata: up
(11:55 / Allies) MagnificentMata: up
(11:56 / Allies) MagnificentMata: up
(12:21 / All) Starshaped: LED U ON A WILD GOOSECHEYS
(12:22 / All) Starshaped: ROFL NABS
(12:29 / Allies) Starshaped: wood
(12:38 / All) POONLIQR: nice joke
(12:40 / Allies) MagnificentMata: getting fortified ups now
(12:46 / Allies) MagnificentMata: gosu senses tingling
(12:48 / Allies) Starshaped: k me too
(13:26 / Allies) Starshaped: wood
(13:30 / Allies) Starshaped: all i need
(13:56 / Allies) MagnificentMata: hi frosty
(14:14 / Allies) Starshaped: u should space them apaprt half a square
(14:18 / Allies) Starshaped: so frost breath dosnt work
(14:25 / Allies) MagnificentMata: yeah yeah i know
(14:31 / Allies) MagnificentMata: i've read tower formations 101
(14:40 / Allies) Starshaped: obviously u hanvt
(14:41 / Allies) Starshaped: :D
(14:50 / All) ill.cruton: Heh
(14:51 / Allies) MagnificentMata: there are many advantages and disadvantages
(14:54 / All) ill.cruton: gg
(14:59 / All) ill.cruton: i told allies
(15:00 / All) ill.cruton: this dun work
(15:02 / All) ill.cruton: vs good player
(15:07 / Allies) Starshaped: lol
(15:25 / Allies) Starshaped: wroood me
(15:52 / Allies) Starshaped: let me get
(15:54 / Allies) Starshaped: experience
(15:55 / Allies) Starshaped: for lvl 2 plz
(16:18 / Allies) Starshaped: -.-
(16:20 / Allies) ill.cruton: u
(16:22 / Allies) ill.cruton: have to share
(16:23 / Allies) ill.cruton: urself nub
(16:26 / Allies) Starshaped: oh
(16:28 / Allies) Starshaped: thats gey
(16:38 / Allies) ill.cruton: go help the noobs
(16:41 / Allies) ill.cruton: omG
(17:47 / Allies) Starshaped: wood
(18:24 / Allies) Starshaped: rofl
(18:38 / Allies) Starshaped: cloud n shizzle
(18:51 / Allies) Starshaped: wood
(19:03 / Allies) Starshaped: wow the expos have 50k too?
(19:18 / Allies) Starshaped: wood me guys
(19:24 / Allies) ill.cruton: were busy
(19:25 / Allies) ill.cruton: doing things
(19:30 / Allies) Starshaped: takes 2 seconds
(19:35 / Allies) ill.cruton: 2 secs im using
(19:37 / Allies) ill.cruton: to type instead
(19:41 / Allies) Starshaped: lol
(20:06 / Allies) Starshaped: dun need gold
(20:08 / Allies) Starshaped: just teh wr00d
(20:28 / Allies) MagnificentMata: creep mid please
(20:31 / Allies) MagnificentMata: and we lose all bases
(20:33 / Allies) MagnificentMata: then defend mid
(21:03 / Allies) Starshaped: srsly gonna need sum wood now
(21:13 / Allies) MagnificentMata: do i look like a ne
(21:21 / Allies) Starshaped: u look like u have 500
(21:40 / Allies) MagnificentMata: didnt get it by givign it all away
(21:49 / Allies) Starshaped: -.-
(22:01 / Allies) TIMG4STRok: gold
(22:34 / Allies) Starshaped: wood when u czn
(22:35 / Allies) Starshaped: can*
(22:47 / Allies) Starshaped: rofl 6 boots of agi
(22:51 / Allies) TIMG4STRok: give all wood to me
(22:55 / Allies) ill.cruton: ko
(22:55 / Allies) TIMG4STRok: im in mega tower production mode
(23:06 / Allies) MagnificentMata: i think 4 boots of agi is more optimal build
(23:08 / Allies) MagnificentMata: than 6 boots of agi
(24:47 / All) Starshaped: i totally stole ur xbox man
(24:50 / All) Starshaped: thx for lvl 3
(25:05 / Allies) TIMG4STRok: TRYING new tower build
(25:08 / Allies) TIMG4STRok: i call it S shape
(25:12 / Allies) MagnificentMata: whats it good fer
(25:19 / Allies) ill.cruton: Sucking dick
(25:51 / Allies) TIMG4STRok: NEED mega bat
(25:53 / Allies) TIMG4STRok: mad dhawk wyrm
(26:39 / Allies) MagnificentMata: look at this secret tunnel
(26:46 / Allies) ill.cruton: CLoud
(26:49 / Allies) ill.cruton: batty bat
(27:22 / Allies) Starshaped: should i break upkeep
(27:25 / Allies) Starshaped: and get mass bats?
(27:33 / Allies) TIMG4STRok: PLEASE
(27:44 / Allies) TIMG4STRok: need 100 food bat
(27:48 / Allies) TIMG4STRok: nah 80 is good
(27:50 / Allies) Starshaped: k
(28:31 / Allies) Starshaped: mata gold me
(28:32 / Allies) Starshaped: for bats
(29:41 / Allies) Starshaped: gonna tp in
(29:44 / Allies) MagnificentMata: yarn me in the fight for the city
(29:45 / Allies) Starshaped: with 80 food bat
(29:50 / Allies) MagnificentMata: gogo
(29:52 / Allies) MagnificentMata: main taking hits
(29:56 / Allies) MagnificentMata: main going down...
(30:48 / Allies) Starshaped: where did the air go
(30:49 / Allies) Starshaped: lol
(31:17 / Allies) Starshaped: ima go mainsmash then
(31:44 / Allies) ill.cruton: for ur efforts..
(35:00 / Allies) Starshaped: why dont they just leave
(35:05 / Allies) Starshaped: 1 win just isnt worht this lol
(35:13 / Allies) ill.cruton: its about
(35:15 / Allies) ill.cruton: the journey...
(36:36 / Allies) MagnificentMata: in bats i tr ust
(36:48 / Allies) Starshaped: bats n towers
(37:48 / Allies) MagnificentMata: getting random bat experience is the best thing
(37:52 / Allies) TIMG4STRok: word
(37:56 / Allies) Starshaped: lol
(37:58 / Allies) TIMG4STRok: just hit 4 on malak the avenger
(39:39 / All) Starshaped: is this fun for you guys?
(39:50 / All) Starshaped: even if we all went afk it would take you 2-3 hours to kill everything
(39:54 / All) Starshaped: just leave now and save some time
(40:18 / Allies) MagnificentMata: need bats now
(41:09 / Allies) MagnificentMata: starshaped
(41:11 / Allies) MagnificentMata: itemize ur blade
(41:15 / Allies) Starshaped: i did
(41:54 / Allies) Starshaped: wood plz
(41:55 / Allies) Starshaped: for hero
(42:08 / Allies) Starshaped: ty
(42:10 / Allies) MagnificentMata: fuck that heroes dont cost wood
(42:16 / Allies) Starshaped: they do
(42:17 / Allies) Starshaped: on tavern
(42:27 / All) bam_27: u guys won but the fact u will never see a girls vagina makes me happy
(42:29 / Allies) Starshaped: also tim u only got 1 hero or?
(42:31 / Allies) MagnificentMata: trying out some sbcs on the blade
(42:36 / Allies) Starshaped: lol